 Dungeon Crawl Stone Soup version 0.24.0-2-g5b39cebb1c (webtiles) character file.

Game seed: 2914567942386785321, levelgen mode: deterministic

2601 MTVSty1e the Spear-Bearer (level 9, -1/64 HPs)
             Began as a Formicid Fighter on Oct 30, 2019.
             Shot with an arrow by a centaur (3 damage)
             ... on level 6 of the Dungeon.
             The game lasted 00:11:03 (6757 turns).

MTVSty1e the Spear-Bearer (Formicid Fighter)        Turns: 6757, Time: 00:11:04

Health: -1/64      AC:  8    Str: 23    XL:     9   Next: 90%
Magic:  9/9        EV:  8    Int:  9    God:
Gold:   366        SH:  9    Dex: 10    Spells: 8/8 levels left

rFire    . . .     SeeInvis +   l - +2 trident (protect)
rCold    . . .     Gourm    .   c - +0 shield
rNeg     . . .     Faith    .   b - +0 scale mail
rPois    .         Spirit   .   (helmet unavailable)
rElec    .         Reflect  .   e - +0 cloak
rCorr    .         Harm     .   (no gloves)
MR       .....                  (no boots)
Stlth    ..........             (no amulet)
HPRegen  0.20/turn              (no ring)
MPRegen  0.11/turn              (no ring)

@: very slightly contaminated, invisible
A: permanent stasis, dig shafts and tunnels, four strong arms, antennae 3,
mutation resistance 1
a: Dig, Shaft Self


You were on level 6 of the Dungeon.
You were hungry.

You visited 1 branch of the dungeon, and saw 6 of its levels.
You also visited: Sewer.

You collected 366 gold pieces.

Inventory:

Hand Weapons
 l - a +2 trident of protection (weapon)
Armour
 b - a +0 scale mail (worn)
 c - a +0 shield (worn)
 e - a +0 cloak (worn)
Jewellery
 n - an uncursed ring of see invisible {unknown}
 q - an uncursed amulet of the gourmand {unknown}
Wands
 o - a wand of paralysis (10)
 p - a wand of iceblast (19)
 t - a wand of acid (8)
Scrolls
 a - 2 scrolls of amnesia
 g - 2 scrolls of blinking
 h - 8 scrolls of identify
 k - a scroll of immolation
 u - a scroll of fear
Potions
 d - 4 potions of curing
 i - 2 potions of flight
 j - a potion of magic {unknown}
 m - a potion of invisibility
 r - a potion of cancellation {unknown}
 s - 2 potions of agility {unknown}
Comestibles
 f - 5 rations


   Skills:
 - Level 3.2 Fighting
 * Level 12.5 Polearms
 - Level 3.2 Armour
 - Level 3.6 Shields


You had 8 spell levels left.
You didn't know any spells.
Your spell library was empty.

Dungeon Overview and Level Annotations

Branches:
Dungeon (6/15)              Sewer (visited)
 Temple: D:4-7

Altars:
Fedhas
Nemelex Xobeh
Sif Muna
Trog
Xom


Innate Abilities, Weirdness & Mutations

You cannot be hasted, slowed, berserked, paralysed or teleported.
You can dig through walls and to a lower floor.
Your four strong arms can wield two-handed weapons with a shield.
You have a pair of large antennae on your head. (SInv)
You are somewhat resistant to further mutation.


Message History

* * * LOW HITPOINT WARNING * * *
The centaur shoots an arrow.
The arrow hits you!
* * * LOW HITPOINT WARNING * * *
You see here an arrow.
You fade into invisibility!
You block the gnoll sergeant's attack.
The centaur shoots an arrow.
You block the arrow.
You are very lightly contaminated with residual magic.
The centaur shoots an arrow.
The arrow hits the gnoll sergeant!
The centaur shoots an arrow.
You block the arrow.
The centaur shoots an arrow.
The arrow hits you.
* * * LOW HITPOINT WARNING * * *
You see here an arrow.
The centaur shoots an arrow.
The centaur shoots an arrow.
The arrow hits you.
* * * LOW HITPOINT WARNING * * *
The centaur shoots an arrow.
The arrow hits you but does no damage.
You see here an arrow.
The centaur shoots an arrow.
The arrow hits you.
You die...

##.{.......(.............
##.{..............##########
#.(##.....##.....## #>...#
..####{## ########.### #....#
......c############.########>...#
......O.O.c.....................#
###########.((..###.########....#
#.....###<#### #.....#
#.....@.......###..<..#
###.#####.###.......... #########
#.### #.#######...... ........#
#...###.##...........
........#######..##....####......
........#...........#### #.#####
..........######....# #.# ##
.........#≈≈≈≈≈###..#######<##...
........#≈≈...≈≈..........)÷...#.


You could see a centaur.

Vanquished Creatures
  A wyvern (D:6)
  A steam dragon (D:5)
  A water moccasin (D:6)
  An ice beast (D:5)
  2 sky beasts (D:6)
  3 black bears
  An ogre (D:4)
  3 phantoms
  A big kobold (Sewer)
  3 howler monkeys
  4 wights
  3 crimson imps
  2 centaur zombies (D:5)
  A hound (D:6)
  2 jellies
  Crazy Yiuf (D:4)
  5 orc priests
  A bullfrog skeleton (D:5)
  2 iguanas
  3 orc wizards
  2 worker ants (D:4)
  Robin (D:3)
  12 adders
  A gnoll (D:6)
  2 river rats (Sewer)
  A shadow imp (D:5)
  4 oozes
  An adder skeleton (D:4)
  5 worms
  3 dart slugs
  2 leopard geckos
  15 orcs
  6 bats
  3 giant cockroaches
  21 goblins
  6 hobgoblins
  7 jackals
  3 quokkas
  2 ball pythons (Sewer)
  3 frilled lizards
  A jackal skeleton (D:4)
  A jackal zombie (D:6)
  16 kobolds
  A leopard gecko skeleton (D:5)
  9 rats
169 creatures vanquished.

Vanquished Creatures (others)
  A jackal (D:6)
  A kobold (Sewer)
2 creatures vanquished.

Grand Total: 171 creatures vanquished

Notes
Turn   | Place    | Note
-------+----------+-------------------------------------------
     0 | D:1      | MTVSty1e the Formicid Fighter began the quest for the Orb.
     0 | D:1      | Reached XP level 1. HP: 18/18 MP: 1/1
   119 | D:1      | Reached XP level 2. HP: 23/24 MP: 2/2
   197 | D:1      | Reached skill level 3 in Polearms
   256 | D:1      | Reached XP level 3. HP: 28/29 MP: 3/3
   757 | D:2      | Found a bloodstained altar of Trog.
   955 | D:2      | Found a faded altar of an unknown god.
   985 | D:2      | Found a shimmering blue altar of Sif Muna.
  1375 | D:2      | Reached skill level 4 in Polearms
  1375 | D:2      | Reached XP level 4. HP: 35/35 MP: 4/4
  1718 | D:3      | Found a glowing drain.
  1729 | Sewer    | Entered a sewer
  1876 | Sewer    | Reached XP level 5. HP: 35/41 MP: 5/5
  2013 | Sewer    | Reached skill level 5 in Polearms
  2425 | Sewer    | Noticed a big kobold
  2448 | Sewer    | Killed a big kobold
  2448 | Sewer    | Reached skill level 6 in Polearms
  2448 | Sewer    | Reached XP level 6. HP: 33/47 MP: 6/6
  2799 | D:3      | Found a blossoming altar of Fedhas.
  3105 | D:3      | Identified the cursed +0 helmet of a bazaar {rF+ Str-4
                  | Slay+4}
  3105 | D:3      | Noticed Robin
  3133 | D:3      | Gained mutation: You are somewhat resistant to further
                  | mutation. [potion of mutation]
  3157 | D:3      | Killed Robin
  3496 | D:3      | Found a sparkling altar of Nemelex Xobeh.
  3513 | D:4      | Noticed an ogre
  3521 | D:4      | Killed an ogre
  3521 | D:4      | Reached skill level 7 in Polearms
  3521 | D:4      | Reached XP level 7. HP: 44/52 MP: 7/7
  3736 | D:4      | Reached skill level 8 in Polearms
  3824 | D:4      | Reached XP level 8. HP: 33/58 MP: 8/8
  3988 | D:4      | Found a runed translucent door.
  3989 | D:4      | Noticed Crazy Yiuf
  3999 | D:4      | Killed Crazy Yiuf
  4166 | D:4      | Reached skill level 9 in Polearms
  4525 | D:5      | Entered Level 5 of the Dungeon
  4845 | D:5      | Reached skill level 10 in Polearms
  5606 | D:5      | Reached XP level 9. HP: 53/64 MP: 9/9
  5698 | D:6      | Reached skill level 11 in Polearms
  6129 | D:6      | Found a shimmering altar of Xom.
  6182 | D:6      | Reached skill level 12 in Polearms
  6753 | D:6      | HP: 2/64 [centaur/arrow (4)]
  6757 | D:6      | Shot with an arrow by a centaur

Levels and vault maps discovered:
D:1:      erik_arrival_triangle_small, layout_basic
D:2:      layout_loops_ring, marbit_many_paths, old_standard_altar,
          chequers_ecumenical_altar_island
D:3:      kennysheep_goblin_castle, layout_rooms, old_standard_altar,
          gup_sewer_entry_spiral, nemelex_diamond_rough_becter
D:4:      layout_loops_ring, st_stairs_8, uniq_crazy_yiuf_cottage
D:5:      layout_layer_cave, first_ration, nicolae_sextant
D:6:      kennysheep_housing_project, layout_rooms, xom_confusion_cloud

Skill      XL: |  1  2  3  4  5  6  7  8  9 |
---------------+----------------------------+-----
Polearms       | 3 4 6 7 8 10 12 | 12.5
Fighting       | |  3.2
Armour         | |  3.2
Shields        | |  3.6

Action                   |  1- 3 |  4- 6 |  7- 9 || total
-------------------------+-------+-------+-------++-------
Melee: Trident           |    97 |   342 |   379 ||   818
 Abil: Dig               |       |     1 |       ||     1
  Use: Scroll            |       |     6 |     2 ||     8
       Potion            |       |    10 |     1 ||    11
  Eat: Ration            |     1 |     1 |     2 ||     4
       Chunk             |       |     2 |     4 ||     6
Armor: Scale mail        |    36 |   134 |   143 ||   313
Dodge: Dodged            |    13 |    87 |    86 ||   186
Block: Shield            |    43 |   161 |   144 ||   348
